 Dungeon Crawl Stone Soup version 0.28.0-53-g5a82cb258f (webtiles) character file.

Game seed: 10795515863312740086

2390 Sin92 the Cudgeller (level 9, -6/68 HPs)
             Began as a Demonspawn Fighter on June 2, 2022.
             Was a Believer of Okawaru.
             Killed from afar by a centaur (19 damage)
             ... with an iceblast
             ... on level 7 of the Dungeon.
             The game lasted 00:09:34 (6883 turns).

Sin92 the Cudgeller (Demonspawn Fighter)            Turns: 6883, Time: 00:09:35

Health: -6/68      AC:  9    Str: 21    XL:     9   Next: 22%
Magic:  12/12      EV:  9    Int:  9    God:    Okawaru [**....]
Gold:   235        SH:  9    Dex: 13    Spells: 8/8 levels left

rFire   + . .      SeeInvis .   j - +8 whip "Tormentor" {protect, rF+}
rCold   . . .      Faith    .   c - +0 buckler
rNeg    . . .      Spirit   .   e - +0 chain mail
rPois   .          Reflect  .   (helmet restricted)
rElec   .          Harm     .   l - scarf {+Inv}
rCorr   .          Rampage  .   (no gloves)
Will    .....                   (no boots)
Stlth   ..........              (no amulet)
HPRegen 0.21/turn               (no ring)
MPRegen 0.13/turn               (no ring)

@: about to teleport
A: claws 2, horns 1, condensation shield, weakness stinger 1
a: Renounce Religion, Evoke Invisibility, Heroism


You were on level 7 of the Dungeon.
You worshipped Okawaru.
Okawaru was pleased with you.
You visited 2 branches of the dungeon, and saw 8 of its levels.

You collected 235 gold pieces.

Inventory:

Hand Weapons
 a - a +0 war axe
 j - the +8 whip "Tormentor" (weapon) {protect, rF+}
   (You found it on level 2 of the Dungeon)

   It grants its wielder temporary protection when it strikes (+7 to AC).
   rF:        It protects you from fire.
Armour
 b - a scarf of shadows
 c - a +0 buckler (worn)
 e - a +0 chain mail (worn)
 l - a scarf of invisibility (worn)
Scrolls
 f - 2 scrolls of identify
 g - 2 scrolls of teleportation
 k - 2 scrolls of brand weapon {unknown}
Potions
 d - 3 potions of might
 h - 4 potions of lignification
 i - 3 potions of mutation
 m - a potion of brilliance
 n - a potion of attraction
 o - a potion of cancellation {unknown}
 p - a potion of flight {unknown}


   Skills:
 + Level 5.6 Fighting
 - Level 2.3(4.4) Axes
 * Level 5.9(6.1) Maces & Flails
 + Level 5.1 Armour
 + Level 4.2 Dodging
 + Level 5.0 Shields
 + Level 4.6 Invocations


You had 8 spell levels left.
You didn't know any spells.
Your spell library contained the following spells:

 Spells                   Type           Power      Damage    Failure   Level
 Corpse Rot               Necr/Air       0%         N/A       100%        2
 Ensorcelled Hibernation  Hex/Ice        0%         N/A       100%        2
 Poisonous Vapours        Pois/Air       0%         N/A       100%        2
 Spider Form              Tmut/Pois      0%         N/A       100%        3
 Anguish                  Hex/Necr       0%         N/A       100%        4
 Passage of Golubria      Tloc           0%         N/A       100%        4
 Yara's Violent Unravell  Hex/Tmut       0%         3d3       100%        5
 Tukima's Dance           Hex            Unusable   N/A       N/A         3

Dungeon Overview and Level Annotations

Branches:
Dungeon (7/15)             Temple (1/1) D:4

Altars:
Ashenzari
Cheibriados
Dithmenos
Elyvilon
Fedhas
Gozag
Kikubaaqudgha
Makhleb
Nemelex Xobeh
Okawaru
Qazlal
Ru
Sif Muna
Trog
Uskayaw
Vehumet
Wu Jian
Xom
Yredelemnul
Zin
The Shining One

Annotations:
D:7 Menkaure


Innate Abilities, Weirdness & Mutations

You have very sharp fingernails.
You have a pair of small horns on your head.
A meltable shield of frost defends you. (SH +4)
You have a small tail.


Message History

You are poisoned.
The scorpion poisons you!
You hit the scorpion.
You kill the scorpion!
Okawaru accepts your kill.
You feel very sick.
No target in view!
You feel sick.
You feel sick.
You feel sick.
You feel sick.
You feel sick.
You feel sick.
You feel sick.
You feel sick.
You are no longer poisoned.
Found 18 sling bullets.
The centaur shouts!
The centaur unwields a +0 spear.
The centaur wields a +0 shortbow.
The centaur shoots an arrow.
The arrow hits you.
A centaur is nearby!
The centaur zaps a wand.
The mass of ice explodes!
The iceblast engulfs you!
You hear a shout! x2
The centaur shoots an arrow.
The arrow hits you.
The centaur shoots an arrow.
The arrow hits you!
Menkaure, Prince of Dust comes into view.
Found a club.
Menkaure shouts!
The centaur shoots an arrow.
The arrow barely misses you.
The centaur zaps a wand.
The mass of ice explodes!
The iceblast engulfs you!
The centaur shoots an arrow.
The arrow hits you.
* * * LOW HITPOINT WARNING * * *
You hear a loud, deep croak!
You are too injured to fight recklessly!
Unknown command.
As you read the scroll of teleportation, it crumbles to dust.
You feel strangely unstable.
The centaur shoots an arrow.
The arrow hits you!
* * * LOW HITPOINT WARNING * * *
The centaur zaps a wand.
The mass of ice explodes!
The iceblast engulfs you!!
You die...

.......................###
...####..........####..#.
.. ...........##.#........
. .......................
..........#.##.##....#..
................+ ......
.....##.....##.##.....#
....#......#..........
#....#.#@..(......
#M..............
...........##....
.................
.....c..........#
.................
...............)
.#..............
'............. ...##..?.


You could see Menkaure and a centaur.

Vanquished Creatures
  Prince Ribbit (D:5)
  Eustachio (D:6)
  A water moccasin (D:6)
  A sky beast (D:7)
  An ice beast (D:5)
  5 ogres
  A centaur (D:5)
  3 phantoms
  5 scorpions
  2 wyvern skeletons (D:7)
  A water moccasin skeleton (D:6)
  A killer bee (D:7)
  2 centaur zombies (D:5)
  2 hounds
  A bullfrog zombie (D:4)
  An orc priest (D:6)
  2 jellies
  Crazy Yiuf (D:2)
  An iguana (D:4)
  2 orc wizards
  A howler monkey skeleton (D:3)
  4 gnolls (D:5)
  3 adders
  A shadow imp (D:5)
  A white imp (D:6)
  An ufetubus (D:5)
  2 worms (D:4)
  3 dart slugs
  14 orcs
  3 bats
  2 endoplasms
  2 giant cockroaches (D:3)
  4 goblins
  5 hobgoblins
  3 quokkas
  13 ball pythons
  2 frilled lizards
  4 kobolds
  8 rats
111 creatures vanquished.

Vanquished Creatures (others)
  An orc wizard (D:6)
1 creature vanquished.

Grand Total: 112 creatures vanquished

Notes
Turn   | Place    | Note
-------+----------+-------------------------------------------
     0 | D:1      | Sin92 the Demonspawn Fighter began the quest for the Orb.
     0 | D:1      | Reached XP level 1. HP: 18/18 MP: 1/1
   143 | D:1      | Discovered your monstrous ancestry.
   143 | D:1      | Gained mutation: You have sharp fingernails. [demonic
                  | ancestry]
   143 | D:1      | Reached XP level 2. HP: 9/24 MP: 2/2
   900 | D:2      | Found a faded altar of an unknown god.
   977 | D:2      | Gained mutation: You have a pair of small horns on your
                  | head. [demonic ancestry]
   977 | D:2      | Reached XP level 3. HP: 11/29 MP: 3/3
   982 | D:2      | Identified the +8 whip "Tormentor" {protect, rF+}
  1321 | D:2      | Found a runed translucent door.
  1322 | D:2      | Noticed Crazy Yiuf
  1636 | D:2      | Killed Crazy Yiuf
  1637 | D:2      | Reached skill level 1 in Dodging
  1637 | D:2      | Reached XP level 4. HP: 35/35 MP: 4/4
  1661 | D:3      | Reached skill level 1 in Maces & Flails
  1802 | D:3      | Noticed a phantom
  1809 | D:3      | Killed a phantom
  1810 | D:3      | Gained mutation: You have a small tail. [demonic ancestry]
  1810 | D:3      | Reached XP level 5. HP: 39/42 MP: 5/5
  2032 | D:3      | Noticed a phantom
  2043 | D:3      | Killed a phantom
  2044 | D:3      | Reached XP level 6. HP: 41/48 MP: 6/6
  2890 | D:4      | HP: 3/72 [orc/+0 trident (4)]
  3302 | D:4      | Found a staircase to the Ecumenical Temple.
  3331 | D:4      | Gained mutation: A meltable shield of frost defends you.
                  | (SH +4) [demonic ancestry]
  3331 | D:4      | Reached XP level 7. HP: 51/54 MP: 7/7
  3350 | Temple   | Entered the Ecumenical Temple
  3541 | Temple   | Became a worshipper of Warmaster Okawaru
  4000 | D:5      | Entered Level 5 of the Dungeon
  4038 | D:5      | Reached skill level 1 in Invocations
  4341 | D:5      | Reached * piety under Okawaru
  4352 | D:5      | Gained mutation: You have very sharp fingernails. [demonic
                  | ancestry]
  4352 | D:5      | Reached XP level 8. HP: 47/61 MP: 9/9
  4927 | D:6      | Noticed Prince Ribbit
  4933 | D:6      | Noticed Eustachio
  4945 | D:6      | Reached skill level 5 in Fighting
  4952 | D:6      | Reached skill level 5 in Maces & Flails
  4990 | D:6      | Reached ** piety under Okawaru
  4998 | D:5      | HP: 2/62 [Prince Ribbit (13)]
  5469 | D:6      | Killed Eustachio
  5874 | D:5      | Killed Prince Ribbit
  5875 | D:5      | Reached XP level 9. HP: 22/68 MP: 10/12
  6190 | D:7      | Reached skill level 5 in Armour
  6542 | D:7      | Reached skill level 5 in Shields
  6880 | D:7      | Noticed Menkaure
  6883 | D:7      | Killed from afar by a centaur

Illustrated notes

Levels and vault maps discovered:
D:1:      minmay_arrival_glassed_features, layout_basic
D:2:      layout_rooms, ebering_ecumenical_altar_hall, minmay_tetromino_t4,
          uniq_crazy_yiuf_cottage
D:3:      layout_basic
D:4:      layout_cave_pools, minmay_temple_entry_fiery, minmay_misc_feat_cross
D:5:      layout_loops_ring
D:6:      layout_rooms, uniq_prince_ribbit1, uniq_eustachio
D:7:      layout_basic, uniq_menkaure
Temple:   mainiacjoe_temple_starburst

Skill      XL: |  1  2  3  4  5  6  7  8  9 |
---------------+----------------------------+-----
Axes           | 2 |  2.3
Armour         | 3 4 5 |  5.1
Dodging        | 1 2 3 4 |  4.2
Shields        | 3 4 5 |  5.0
Maces & Flails | 1 2 3 4 5 |  5.9
Fighting       | 4 5 |  5.6
Invocations    | 2 4 |  4.6

Action                   |  1- 3 |  4- 6 |  7- 9 || total
-------------------------+-------+-------+-------++-------
Melee: War axe           |    48 |       |       ||    48
       Whip              |    19 |    98 |   169 ||   286
       Headbutt          |     2 |    13 |    30 ||    45
       Tailslap          |       |     8 |    28 ||    36
  Use: Scroll            |       |     5 |     6 ||    11
       Potion            |       |     4 |     3 ||     7
Armor: Scale mail        |     9 |       |       ||     9
       Chain mail        |    33 |    63 |    91 ||   187
       Skin              |       |    20 |       ||    20
Dodge: Dodged            |    31 |    38 |    77 ||   146
Block: Buckler           |    13 |    29 |    95 ||   137
